 Dungeon Crawl Stone Soup version 0.20-b1-12-g5827e59 (webtiles) character file.

1338 ChaseSP the Cleaver (level 8, -12/68 HPs)
             Began as a Hill Orc Gladiator on May 23, 2017.
             Mangled by an ogre
             ... wielding a +0 giant spiked club
              (20 damage)
             ... on level 6 of the Dungeon.
             The game lasted 00:08:41 (3963 turns).

ChaseSP the Cleaver (Hill Orc Gladiator)            Turns: 3963, Time: 00:08:42

Health: -12/68     AC: 11    Str: 17    XL:     8   Next: 61%
Magic:  8/8        EV:  8    Int:  8    God:
Gold:   295        SH:  0    Dex: 14    Spells: 6/7 levels left

rFire    + . .     SeeInvis .   a - +0 war axe
rCold    . . .     Gourm    .   (no shield)
rNeg     . . .     Faith    .   I - +0 chain mail
rPois    +         Spirit   .   c - +0 helmet
rElec    .         Reflect  .   J - +1 cloak {MR+}
rCorr    .         Harm     .   (no gloves)
MR       +....                  (no boots)
Stlth    ..........             (no amulet)
Regen    0.3/turn               l - ring of protection from fire
MPRegen  0.2/turn               C - ring of poison resistance

@: no status effects
A: no striking features
a: no special abilities


You were on level 6 of the Dungeon.
You were not hungry.

You visited 2 branches of the dungeon, and saw 7 of its levels.

You collected 295 gold pieces.

Inventory:

Hand Weapons
 a - a +0 war axe (weapon)
 h - a +0 flail
Missiles
 d - a throwing net (quivered)
 r - 48 bolts
Armour
 c - a +0 helmet (worn)
 u - a +0 cloak
 I - a +0 chain mail (worn)
 J - a +1 cloak of magic resistance (worn)
Jewellery
 b - a +2 ring of protection
 l - a ring of protection from fire (left hand)
 C - a ring of poison resistance (right hand)
Wands
 p - a wand of flame (30/48)
 E - a wand of flame (18/48)
Scrolls
 i - 3 scrolls of amnesia {unknown}
 m - 5 scrolls of teleportation {unknown}
 n - 2 scrolls of remove curse {unknown}
 t - 2 scrolls of immolation {unknown}
 v - a scroll of fog {unknown}
 x - a scroll of blinking {unknown}
 y - a scroll of magic mapping {unknown}
 B - a scroll of identify
 G - 2 scrolls of random uselessness {unknown}
Potions
 e - 2 potions of magic
 j - 2 potions of lignification
 k - 5 potions of curing
 o - a potion of degeneration {unknown}
 q - a potion of mutation {unknown}
 s - a potion of agility {unknown}
 w - a potion of flight
 z - a potion of resistance {unknown}
 F - 2 potions of ambrosia {unknown}
 H - a potion of heal wounds {unknown}
Books
 D - a book of Maledictions

   Spells                             Type                      Level
   a - Corona                         Hexes                        1
   b - Ensorcelled Hibernation        Hexes/Ice                    2
   c - Confuse                        Hexes                        3
   d - Tukima's Dance                 Hexes                        3
   e - Dazzling Spray                 Conjuration/Hexes            3
Comestibles
 f - 3 bread rations
 g - a royal jelly
 A - 4 fruits


   Skills:
 - Level 5.0 Fighting
 * Level 12.2 Axes
 - Level 1.7 Throwing
 + Level 1.0 Armour
 + Level 3.0 Dodging


You had 6 spell levels left.
You knew the following spells:

 Your Spells              Type           Power        Failure   Level  Hunger
a - Apportation           Tloc           #.....       100%        1    ##.....


Dungeon Overview and Level Annotations

Branches:
Dungeon (6/15)             Temple (1/1) D:5

Altars:
Ashenzari
Cheibriados
Dithmenos
Elyvilon
Fedhas
Gozag
Hepliaklqana
Makhleb
Nemelex Xobeh
Qazlal
Ru
Sif Muna
Trog
Uskayaw
Vehumet
Xom
Yredelemnul
Zin
The Shining One


Message History

You hit the ogre but do no damage.
The ogre is moderately wounded.
You hit the ogre.
The ogre is heavily wounded.
The ogre hits you with a giant spiked club!
You hit the ogre.
The ogre is severely wounded.
The ogre hits you with a giant spiked club!!
* * * LOW HITPOINT WARNING * * *
You hear a bark!
You hit the ogre but do no damage.
The ogre is severely wounded.
You hit the ogre but do no damage.
The ogre is severely wounded.
The ogre hits you with a giant spiked club.
* * * LOW HITPOINT WARNING * * *
You hit the ogre.
The ogre is severely wounded.
The ogre hits you with a giant spiked club!!
You die...

.....# .# ..
#....< ..
...###..#.####.
.....#........
.#.#.#..#....
.........h.#
#..#...##.#
#.......#O###.##.
#...>....@.......
##...#...#.###.##.
#...)..........#
#..#####.#.#####
#........#.#####
#.########.....#
###'#......#.....#
#................#
#........(.......#


You could see an ogre and a hound.

Vanquished Creatures
  A hippogriff (D:6)
  Sigmund (D:2)
  A black bear (D:6)
  2 ogres
  A centaur (D:5)
  A scorpion (D:5)
  A howler monkey (D:4)
  A crimson imp (D:6)
  A centaur zombie (D:6)
  2 orc priests
  3 hounds
  2 orc wizards (D:4)
  Ijyb (D:4)
  Terence (D:2)
  3 worker ants
  A killer bee zombie (D:6)
  3 gnolls (D:3)
  4 adders
  7 worms
  A dart slug (D:2)
  6 leopard geckos
  11 orcs
  3 giant cockroaches
  4 hobgoblins
  7 jackals
  A quokka (D:4)
  9 bats
  5 frilled lizards
  10 goblins
  7 kobolds
  A quokka skeleton (D:5)
  9 rats
111 creatures vanquished.

Notes
Turn   | Place    | Note
-------+----------+-------------------------------------------
     0 | D:1      | ChaseSP the Hill Orc Gladiator began the quest for the Orb.
     0 | D:1      | Reached XP level 1. HP: 18/18 MP: 1/1
    43 | D:1      | Reached XP level 2. HP: 24/25 MP: 2/2
    68 | D:1      | Reached skill level 5 in Axes
   164 | D:1      | Reached XP level 3. HP: 22/30 MP: 3/3
   689 | D:2      | Noticed Terence
   699 | D:2      | Killed Terence
   699 | D:2      | Reached skill level 6 in Axes
   699 | D:2      | Reached XP level 4. HP: 33/37 MP: 4/4
   813 | D:2      | Found a sacrificial altar of Ru.
   882 | D:2      | Noticed Sigmund
   893 | D:2      | Killed Sigmund
   893 | D:2      | Reached skill level 8 in Axes
   893 | D:2      | Reached XP level 5. HP: 35/42 MP: 5/5
  1216 | D:2      | Reached XP level 6. HP: 48/50 MP: 6/6
  1534 | D:3      | Reached skill level 9 in Axes
  1946 | D:4      | Reached XP level 7. HP: 57/57 MP: 7/7
  2079 | D:4      | Reached skill level 10 in Axes
  2198 | D:4      | Noticed Ijyb
  2220 | D:4      | Killed Ijyb
  2236 | D:4      | Learned a level 1 spell: Apportation
  2562 | D:5      | Entered Level 5 of the Dungeon
  2570 | D:5      | Found a staircase to the Ecumenical Temple.
  2585 | Temple   | Entered the Ecumenical Temple
  2672 | D:5      | Found a shattered altar of Ashenzari.
  2692 | D:5      | Found a hazy altar of Hepliaklqana.
  2692 | D:5      | Found a burning altar of Makhleb.
  3002 | D:5      | Found a radiant altar of Vehumet.
  3054 | D:5      | Reached skill level 11 in Axes
  3054 | D:5      | Reached XP level 8. HP: 23/67 MP: 8/8
  3358 | D:5      | Found a hide-covered altar of Uskayaw.
  3358 | D:5      | Found a sparkling altar of Nemelex Xobeh.
  3425 | D:6      | Noticed a hippogriff
  3440 | D:6      | Killed a hippogriff
  3440 | D:6      | Reached skill level 5 in Fighting
  3640 | D:6      | Reached skill level 1 in Armour
  3685 | D:6      | Reached skill level 12 in Axes
  3963 | D:6      | Mangled by an ogre

Skill      XL: |  1  2  3  4  5  6  7  8 |
---------------+-------------------------+-----
Axes           | 5 6 8 9 11 12 | 12.2
Fighting       | 3 4 5 |  5.0
Armour         | 1 |  1.0
Dodging        | 3 |  3.0
Throwing       | |  1.7

Action                   |  1- 3 |  4- 6 |  7- 9 || total
-------------------------+-------+-------+-------++-------
Melee: War axe           |    92 |   142 |   169 ||   403
Throw: Throwing net      |       |     3 |       ||     3
  Use: Scroll            |       |     2 |     2 ||     4
 Stab: Sleeping          |     1 |       |       ||     1
       Held in net/web   |       |     3 |       ||     3
  Eat: Chunk             |       |     4 |     6 ||    10
Armor: Leather armour    |    26 |       |       ||    26
       Ring mail         |     2 |    68 |    28 ||    98
       Scale mail        |     2 |       |       ||     2
       Chain mail        |       |       |    74 ||    74
Dodge: Dodged            |    58 |    83 |    76 ||   217
